Workbook

Sheet Vale Cost of Capital
A1: Equity
A2: Unlevered beta for business = | B2: ='Vale''s Business Risk'!D6 -> 0.84400807 | C2: (See Vale Business risk worksheet)
A3: Market D/E ratio = | B3: ='Vale''s Financial Leverage'!B14 -> 0.61356612 | C3: (See Vale Financial Leverage worksheet)
A4: Marginal tax rate for Brazil = | B4: 0.34 | C4: Brazil marginal tax rate
A5: Levered beta for Vale = | B5: =B2*(1+(1-B4)*B3) -> 1.1857922
A7: Risk free rate = | B7: 0.0265 | C7: US dollar risk free rate (because the valuation is in US $)
A8: ERP for Vale = | B8: ='Vale Equity Risk Premium'!C10 -> 0.065424611 | C8: (See Vale Equity Risk Premium Page)
A9: Cost of Equity | B9: =B7+B5*B8 -> 0.10407999
A11: Cost of debt = | B11: =B7+1.3% -> 0.0395 | C11: (Based on actual rating for Vale from S&P of A-, with default spread of 1.30%)
A12: Marginal tax rate = | B12: =B4 -> 0.34
A13: After-tax cost of debt = | B13: =B11*(1-B12) -> 0.02607
A15: Debt/Capital ratio = | B15: ='Vale''s Financial Leverage'!B15 -> 0.38025471
A16: Cost of Capital = | B16: =B9*(1-B15)+B13*B15 -> 0.074416326

Sheet Vale's Business Risk
A1: Business | B1: Sample | C1: Sample size | D1: Unlevered beta of business | E1: Revenues | F1: Peer Group EV/Sales | G1: Value of Business | H1: Proportion of Vale
A2: Metals & Mining | B2: Global firms in metals & mining, Market cap>$1 billion | C2: 48 | D2: 0.85529406 | E2: =(19.2/88.9)*41730 -> 9012.5534 | F2: 1.9682856 | G2: =E2*F2 -> 17739.279 | H2: =G2/$G$6 -> 0.1664993
A3: Iron Ore | B3: Global firms in iron ore | C3: 78 | D3: 0.83338873 | E3: =(69.7/88.9)*41730 -> 32717.447 | F3: 2.4814951 | G3: =E3*F3 -> 81188.185 | H3: =G3/$G$6 -> 0.7620251
A4: Fertilizers | B4: Global specialty chemical firms | C4: 693 | D4: 0.99 | E4: 3777 | F4: 1.52 | G4: =E4*F4 -> 5741.04 | H4: =G4/$G$6 -> 0.053884892
A5: Logistics | B5: Global transportation firms | C5: 223 | D5: 0.75 | E5: 1644 | F5: 1.14 | G5: =E5*F5 -> 1874.16 | H5: =G5/$G$6 -> 0.0175907
A6: Vale Operations | D6: =D2*H2+D3*H3+D4*H4+D5*H5 -> 0.84400807 | E6: =SUM(E2:E5) -> 47151 | G6: =SUM(G2:G5) -> 106542.66 | H6: =SUM(H2:H5) -> 1

Sheet Vale's Financial Leverage
A1: Debt
A2: Book value of Debt | B2: 48469
A3: Interest expense | B3: 1292
A4: Average maturity of debt | B4: 14.702852
A5: Pre-tax cost of debt | B5: ='Vale Cost of Capital'!B11 -> 0.0395
A6: Market value of Debt | B6: =B3*(1-(1+B5)^(-B4))/B5+B2/(1+B5)^B4 -> 41625.311
A7: Lease debt (if any) | B7: ='Vale Operating Leases'!C29 -> 1254.0634
A8: Total Debt | B8: =B6+B7 -> 42879.375
A9: Equity
A10: Number of shares | B10: 5150
A11: Share price (in US$) | B11: 13.57
A12: Market value of Equity | B12: =B10*B11 -> 69885.5
A13: Debt Ratios
A14: Market D/E ratio | B14: =B8/B12 -> 0.61356612
A15: Market Debt to Capital ratio | B15: =B8/(B8+B12) -> 0.38025471

Sheet Vale Operating Leases
A1: Operating lease inputs
A2: Operating lease expense in current year = | E2: 305
A3: Operating Lease Commitments (From footnote to financials)
A4: Year | B4: Commitment | C4: ! Year 1 is next year, ….
A5: 1 | B5: 159
A6: 2 | B6: 162
A7: 3 | B7: 161
A8: 4 | B8: 159
A9: 5 | B9: 159
A10: 6 and beyond | B10: 736
A12: Pre-tax Cost of Debt = | C12: ='Vale Cost of Capital'!B11 -> 0.0395 | D12: ! If you do not have a cost of debt, use the attached ratings estimator
A14: From the current financial statements, enter the following
A15: Reported Operating Income (EBIT) = | D15: 15487 | E15: ! This is the EBIT reported in the current income statement
A16: Reported Debt = | D16: 48469 | E16: ! This is the interest-bearing debt reported on the balance sheet
A17: Reported Interest Expenses = | D17: 1292
A18: Output
A19: Number of years embedded in yr 6 estimate = | D19: =ROUND(B10/AVERAGE(B5:B9),0) -> 5 | E19: ! I use the average lease expense over the first five years
E20: to estimate the number of years of expenses in yr 6
A21: Converting Operating Leases into debt
A22: Year | B22: Commitment | C22: Present Value
A23: 1 | B23: =B5 -> 159 | C23: =B23/(1+$C$12)^A23 -> 152.95815
A24: 2 | B24: =B6 -> 162 | C24: =B24/(1+$C$12)^A24 -> 149.92223
A25: 3 | B25: =B7 -> 161 | C25: =B25/(1+$C$12)^A25 -> 143.33505
A26: 4 | B26: =B8 -> 159 | C26: =B26/(1+$C$12)^A26 -> 136.17555
A27: 5 | B27: =B9 -> 159 | C27: =B27/(1+$C$12)^A27 -> 131.00101
A28: 6 and beyond | B28: =IF(B10>0,IF(D19>1,B10/D19,B10),0) -> 147.2 | C28: =IF(D19>0,(B28*(1-(1+C12)^(-D19))/C12)/(1+$C$12)^5,B28/(1+C12)^6) -> 540.67144 | D28: ! Commitment beyond year 6 converted into an annuity for ten years
A29: Debt Value of leases = | C29: =SUM(C23:C28) -> 1254.0634

Sheet Vale Equity Risk Premium
B1: Proportion of Vale's revenues in 2012 | C1: ERP for region
A2: US & Canada | B2: 0.049 | C2: 0.05
A3: Brazil | B3: 0.169 | C3: 0.0785
A4: Rest of Latin America | B4: 0.017 | C4: 0.10094348
A5: China | B5: 0.37 | C5: 0.059
A6: Japan | B6: 0.103 | C6: 0.059
A7: Rest of Asia | B7: 0.085 | C7: 0.0676
A8: Europe | B8: 0.172 | C8: 0.0629
A9: Rest of World | B9: 0.035 | C9: 0.1005792
A10: Company | B10: =SUM(B2:B9) -> 1 | C10: =B2*C2+B3*C3+B4*C4+B5*C5+B6*C6+B7*C7+B8*C8+B9*C9 -> 0.065424611
